Senators vs Atomiques
Created - October 16, 2018 at 21:31
Goals
|
| Senators |
2 |
2 |
0 |
4 |
| Atomiques |
0 |
1 |
2 |
3 |
|
Shots
|
| Senators |
16 |
13 |
8 |
37 |
| Atomiques |
9 |
13 |
15 |
37 |
|
1st period
1. Senators , Matt Frattin 1 (Tommy Wingels 1) at 12:28
2. Senators , Nick Foligno 3 (Tommy Wingels 2) at 17:01
Penalties :
Eric Mestery (STB) for Boarding (Minor) at 6:47, Joseph Cramarossa (STB) for Roughing (Minor) at 13:49
2nd period
3. Atomiques , Jack Skille 3 (Rasmus Ristolainen 5, Rickard Rakell 2) at 7:44
4. Senators , Gabriel Bourque 2 (Unassisted) at 9:50
5. Senators , Matt Frattin 2 (Nick Foligno 1, Tommy Wingels 3) at 14:42
Penalties :
No Penalty
3rd period
6. Atomiques , Rasmus Ristolainen 2 (Jack Skille 1, Rickard Rakell 3) at 5:59 (PP)
7. Atomiques , Lucas Wallmark 1 (Brock McGinn 4, Rickard Rakell 4) at 16:44
Penalties :
Jack Skille (STB) for Tripping (Minor) at 0:37, Arturs Kulda (BIN) for Hooking (Minor) at 5:54, Tommy Wingels (BIN) for Hooking (Minor) at 6:37, Dalton Smith (STB) for Roughing (Minor) at 12:46
Goalie Stats
Brad Thiessen (BIN), 34 saves from 37 shots - (0.919), W, 2-0-0, 60:00 minutes
Jake Allen (STB), 33 saves from 37 shots - (0.892), L, 0-2-1, 59:08 minutes
Players Stats for Senators
Player Name G A P +/- PIM S H SB GA TA FO MP PP MP PK MP
------------------------------------------------------------------------------------
Andy Andreoff 0 0 0 -1 0 1 5 1 0 1 0/0 8:31 0:00 0:23
Arturs Kulda 0 0 0 0 2 2 2 1 1 0 0/0 25:01 4:23 1:08
Brett Bulmer 0 0 0 0 0 0 0 0 0 0 0/0 0:00 0:00 0:00
Chandler Stephenson 0 0 0 -1 0 0 1 1 0 1 0/4 8:08 0:00 0:00
Dylan Blujus 0 0 0 2 0 1 1 0 0 1 0/0 12:27 0:00 0:00
Gabriel Bourque 1 0 1 0 0 3 2 1 1 1 1/4 22:49 4:31 1:21
Grant Besse 0 0 0 -1 0 1 0 1 0 0 0/0 8:08 0:00 0:00
Ian Cole 0 0 0 0 0 1 2 3 0 0 0/0 28:34 4:23 1:13
Johannes Salmonsson 0 0 0 0 0 2 0 0 3 1 1/1 12:34 0:00 0:38
Keegan Lowe 0 0 0 2 0 0 0 0 0 1 0/0 12:27 0:00 0:00
Marc-André Bernier 0 0 0 -1 0 1 1 1 3 0 2/4 21:14 4:31 0:00
Mason Geertsen 0 0 0 0 0 0 0 0 0 0 0/0 3:32 0:00 0:05
Matt Frattin 2 0 2 3 0 7 2 0 0 0 0/0 16:24 3:25 0:00
Nick Foligno 1 1 2 3 0 8 1 0 0 0 0/0 16:44 3:25 0:20
Olli Maatta 0 0 0 0 0 1 1 0 0 0 0/0 18:59 3:33 0:51
Phil Di Giuseppe 0 0 0 0 0 0 0 0 0 0 0/0 0:00 0:00 0:00
Samuel Morin 0 0 0 0 0 1 1 1 0 1 0/0 18:59 3:33 0:51
Sebastian Wannstrom 0 0 0 0 0 1 1 0 0 0 0/0 11:56 0:00 0:00
Stephane Da Costa 0 0 0 0 0 4 0 0 0 0 13/27 22:39 4:31 1:24
Tommy Wingels 0 3 3 3 2 3 3 0 0 1 3/6 16:36 3:25 0:00
Zemgus Girgensons 0 0 0 0 0 0 0 1 0 0 3/6 12:11 0:00 0:02
Players Stats for Atomiques
Player Name G A P +/- PIM S H SB GA TA FO MP PP MP PK MP
------------------------------------------------------------------------------------
Bobby Farnham 0 0 0 1 0 0 3 0 0 0 0/0 9:53 0:00 2:05
Brock McGinn 0 1 1 0 0 1 3 0 0 2 0/0 16:40 1:10 0:00
Colby Cohen 0 0 0 -1 0 2 0 0 1 1 0/0 14:49 0:00 0:00
Dalton Smith 0 0 0 -1 2 0 2 0 0 1 0/0 13:41 0:00 1:26
Davis Drewiske 0 0 0 -1 0 0 0 3 2 0 0/0 19:47 0:48 3:04
Dwight King 0 0 0 -2 0 3 4 0 2 0 0/0 15:35 0:54 0:00
Eric Mestery 0 0 0 -1 2 3 1 0 0 2 0/0 14:50 0:00 0:00
Jack Skille 1 1 2 0 2 4 0 1 1 1 1/2 21:25 1:10 3:05
Jacob De La Rose 0 0 0 -1 0 0 1 0 0 0 3/7 13:14 0:00 1:52
Joseph Cramarossa 0 0 0 1 2 1 0 0 0 0 0/0 8:38 0:00 0:51
Lucas Wallmark 1 0 1 1 0 2 0 0 0 0 2/2 8:48 0:00 0:43
Matt Tennyson 0 0 0 0 0 1 0 4 0 0 0/0 25:24 1:16 4:52
Mitch Callahan 0 0 0 -1 0 1 0 0 0 1 0/0 11:22 0:00 0:00
Rasmus Ristolainen 1 1 2 0 0 10 0 1 1 0 0/0 25:24 1:16 4:52
Rickard Rakell 0 3 3 0 0 4 2 0 1 0 20/33 21:55 1:10 4:08
Ryan Shannon 0 0 0 -2 0 1 0 0 0 0 0/0 14:33 0:54 0:00
Tyler Brenner 0 0 0 -2 0 4 3 0 0 0 3/8 16:15 0:54 1:42
Wiley Sherman 0 0 0 -1 0 0 2 0 0 0 0/0 19:47 0:48 3:04
3 Stars
1 - Matt Frattin (BIN)
2 - Nick Foligno (BIN)
3 - Tommy Wingels (BIN)
Power Play
Senators - 0 on 4 Attempt(s) - 0.00%
Atomiques - 1 on 3 Attempt(s) - 33.33%
Penalty Kill
Senators - 2 on 3 Attempt(s) - 66.67%
- Score 0 goal in Penalty Kill
Atomiques - 4 on 4 Attempt(s) - 100.00%
- Score 0 goal in Penalty Kill
Team Stat
Senators - Hits : 23 - Faceoff Wins : 23 - Blocked Shots : 11 - Penalty Minutes : 4
Atomiques - Hits : 21 - Faceoff Wins : 29 - Blocked Shots : 9 - Penalty Minutes : 8
Official
Referees : Unknown
Linesman : Unknown
Game Notes
9:50 of 2nd period - Penalty Shot by Gabriel Bourque for Senators - Goal!
Finance
Level 1 -- Attendance: 1584 (79.20%) -- Ticket Income $63,360
Level 2 -- Attendance: 668 (66.80%) -- Ticket Income $13,360
Total Attendance: 2252 (75.07%)
Total Ticket Income: $76,720
Other Income: $3,836
Total Income: $80,556
Senators
5 vs 5 Forward
Center Left Wing Right Wing Time % Phy DF OF
1 Stephane Da Costa Gabriel Bourque Marc-André Bernier 40 1 2 2
2 Tommy Wingels Nick Foligno Matt Frattin 30 1 2 2
3 Zemgus Girgensons Johannes Salmonsson Sebastian Wannstrom 20 1 2 2
4 Chandler Stephenson Andy Andreoff Grant Besse 10 1 2 2
5 vs 5 Defense
Defense Defense Time % Phy DF OF
1 Ian Cole Arturs Kulda 40 1 2 2
2 Olli Maatta Samuel Morin 30 1 2 2
3 Dylan Blujus Keegan Lowe 20 1 2 2
4 Mason Geertsen Ian Cole 10 1 2 2
PowerPlay Forward
Center Left Wing Right Wing Time % Phy DF OF
1 Stephane Da Costa Gabriel Bourque Marc-André Bernier 60 1 2 2
2 Tommy Wingels Nick Foligno Matt Frattin 40 1 2 2
PowerPlay Defense
Defense Defense Time % Phy DF OF
1 Ian Cole Arturs Kulda 60 1 2 2
2 Olli Maatta Samuel Morin 40 1 2 2
Penalty Kill 4 Players Forward
Center Wing Time % Phy DF OF
1 Stephane Da Costa Gabriel Bourque 60 1 2 2
2 Nick Foligno Johannes Salmonsson 40 1 2 2
Penalty Kill 4 Players Defense
Defense Defense Time % Phy DF OF
1 Ian Cole Arturs Kulda 60 1 2 2
2 Olli Maatta Samuel Morin 40 1 2 2
Penalty Kill - 3 Players Forward
Forward Time % Phy DF OF
1 Stephane Da Costa 60 1 2 2
2 Gabriel Bourque 40 1 2 2
Penalty Kill - 3 Players Defense
Defense Defense Time % Phy DF OF
1 Ian Cole Arturs Kulda 60 1 2 2
2 Olli Maatta Samuel Morin 40 1 2 2
4 vs 4 Forward
Center Wing Time % Phy DF OF
1 Stephane Da Costa Gabriel Bourque 60 1 2 2
2 Nick Foligno Johannes Salmonsson 40 1 2 2
4 vs 4 Defense
Defense Defense Time % Phy DF OF
1 Ian Cole Arturs Kulda 60 1 2 2
2 Olli Maatta Samuel Morin 40 1 2 2
Last Minutes Offensive
Center Left Wing Right Wing Defense Defense
Stephane Da Costa Gabriel Bourque Marc-André Bernier Ian Cole Arturs Kulda
Last Minutes Defensive
Center Left Wing Right Wing Defense Defense
Stephane Da Costa Gabriel Bourque Marc-André Bernier Ian Cole Arturs Kulda
Goaltenders
Starting : Brad Thiessen
Backup : Ben Bishop
Extra Forwards
Normal : Phil Di Giuseppe, Brett Bulmer, Andy Andreoff - PP : Phil Di Giuseppe, Brett Bulmer - PK : Andy Andreoff
Extra Defensemen
Normal : Dylan Blujus, Keegan Lowe, Mason Geertsen - PP : Dylan Blujus - PK : Keegan Lowe, Mason Geertsen
Penalty Shots
Stephane Da Costa, Gabriel Bourque, Nick Foligno, Johannes Salmonsson, Marc-André Bernier
Scratches
Blake Coleman (Healthy)
Atomiques
5 vs 5 Forward
Center Left Wing Right Wing Time % Phy DF OF
1 Rickard Rakell Brock McGinn Jack Skille 40 1 2 2
2 Tyler Brenner Dwight King Ryan Shannon 30 1 2 2
3 Jacob De La Rose Dalton Smith Mitch Callahan 20 1 2 2
4 Lucas Wallmark Joseph Cramarossa Bobby Farnham 10 1 2 2
5 vs 5 Defense
Defense Defense Time % Phy DF OF
1 Matt Tennyson Rasmus Ristolainen 40 1 2 2
2 Davis Drewiske Wiley Sherman 30 1 2 2
3 Colby Cohen Eric Mestery 20 1 2 2
4 Matt Tennyson Rasmus Ristolainen 10 1 2 2
PowerPlay Forward
Center Left Wing Right Wing Time % Phy DF OF
1 Rickard Rakell Brock McGinn Jack Skille 60 1 2 2
2 Tyler Brenner Dwight King Ryan Shannon 40 1 2 2
PowerPlay Defense
Defense Defense Time % Phy DF OF
1 Matt Tennyson Rasmus Ristolainen 60 1 2 2
2 Davis Drewiske Wiley Sherman 40 1 2 2
Penalty Kill 4 Players Forward
Center Wing Time % Phy DF OF
1 Rickard Rakell Jack Skille 60 1 2 2
2 Tyler Brenner Jacob De La Rose 40 1 2 2
Penalty Kill 4 Players Defense
Defense Defense Time % Phy DF OF
1 Matt Tennyson Rasmus Ristolainen 60 1 2 2
2 Davis Drewiske Wiley Sherman 40 1 2 2
Penalty Kill - 3 Players Forward
Forward Time % Phy DF OF
1 Dwight King 60 1 2 2
2 Jack Skille 40 1 2 2
Penalty Kill - 3 Players Defense
Defense Defense Time % Phy DF OF
1 Matt Tennyson Rasmus Ristolainen 60 1 2 2
2 Davis Drewiske Wiley Sherman 40 1 2 2
4 vs 4 Forward
Center Wing Time % Phy DF OF
1 Rickard Rakell Jack Skille 60 1 2 2
2 Tyler Brenner Dwight King 40 1 2 2
4 vs 4 Defense
Defense Defense Time % Phy DF OF
1 Matt Tennyson Rasmus Ristolainen 60 1 2 2
2 Davis Drewiske Wiley Sherman 40 1 2 2
Last Minutes Offensive
Center Left Wing Right Wing Defense Defense
Rickard Rakell Dwight King Jack Skille Matt Tennyson Rasmus Ristolainen
Last Minutes Defensive
Center Left Wing Right Wing Defense Defense
Tyler Brenner Dwight King Jack Skille Matt Tennyson Davis Drewiske
Goaltenders
Starting : Jake Allen
Backup : Jeff Frazee
Extra Forwards
Normal : Dwight King, Brock McGinn, Bobby Farnham - PP : Jacob De La Rose, Brock McGinn - PK : Bobby Farnham
Extra Defensemen
Normal : Colby Cohen, Wiley Sherman, Rasmus Ristolainen - PP : Colby Cohen - PK : Wiley Sherman, Rasmus Ristolainen
Penalty Shots
Dwight King, Jack Skille, Ryan Shannon, Tyler Brenner, Rickard Rakell
Scratches
Mike Halmo (Healthy), Max McCormick (Healthy), John Draeger (Healthy), Carl Dahlstrom (Healthy), Corey Tropp (Groin Injury)
Eric Gustafsson (Healthy), Anthony Nigro (Healthy), Francois Tremblay (Healthy)
% Time on Ice - Senators
Lines # - Real PCT - Wanted PCT - Time Play
Normal Forward
1 - 32% - 40% - 15:54
2 - 27% - 30% - 12:59
3 - 24% - 20% - 11:56
4 - 17% - 10% - 8:08
Normal Defense
1 - 38% - 40% - 18:28
2 - 30% - 30% - 14:35
3 - 25% - 20% - 12:27
4 - 7% - 10% - 3:27
PP Forward
1 - 57% - 60% - 4:31
2 - 43% - 40% - 3:25
PP Defense
1 - 55% - 60% - 4:23
2 - 45% - 40% - 3:33
PK Forward
1 - 84% - 60% - 1:44
2 - 16% - 40% - 0:20
PK Defense
1 - 59% - 60% - 1:13
2 - 41% - 40% - 0:51
PK3 Forward
1 - 0% - 60%
2 - 0% - 40%
PK3 Defense
1 - 0% - 60%
2 - 0% - 40%
44 Forward
1 - 0% - 60%
2 - 0% - 40%
44 Defense
1 - 0% - 60%
2 - 0% - 40%
Last Minute Offensive - 0:00
Last Minute Defensive - 1:03
Total
Forward - 60:00
Defense - 60:00
|
% Time on Ice - Atomiques
Lines # - Real PCT - Wanted PCT - Time Play
Normal Forward
1 - 33% - 40% - 16:09
2 - 28% - 30% - 13:39
3 - 23% - 20% - 11:22
4 - 16% - 10% - 7:48
Normal Defense
1 - 37% - 40% - 17:58
2 - 33% - 30% - 15:55
3 - 28% - 20% - 13:47
4 - 3% - 10% - 1:18
PP Forward
1 - 56% - 60% - 1:10
2 - 44% - 40% - 0:54
PP Defense
1 - 61% - 60% - 1:16
2 - 39% - 40% - 0:48
PK Forward
1 - 79% - 60% - 6:14
2 - 21% - 40% - 1:42
PK Defense
1 - 61% - 60% - 4:52
2 - 39% - 40% - 3:04
PK3 Forward
1 - 0% - 60%
2 - 0% - 40%
PK3 Defense
1 - 0% - 60%
2 - 0% - 40%
44 Forward
1 - 0% - 60%
2 - 0% - 40%
44 Defense
1 - 0% - 60%
2 - 0% - 40%
Last Minute Offensive - 1:02
Last Minute Defensive - 0:00
Total
Forward - 60:00
Defense - 60:00
|
Play by Play
1st period
0:01 of 1st period - Rickard Rakell wins face-off versus Stephane Da Costa in neutral zone.
1:37 of 1st period - Snap shot by Rickard Rakell.
1:37 of 1st period - Stopped by Brad Thiessen with a rebound.
1:49 of 1st period - Slapshot by Nick Foligno.
1:49 of 1st period - Shot Misses the Net.
1:57 of 1st period - Slapshot by Ryan Shannon.
1:57 of 1st period - Stopped by Brad Thiessen with a rebound.
1:59 of 1st period - Snap shot by Eric Mestery.
1:59 of 1st period - Stopped by Brad Thiessen with a rebound.
2:13 of 1st period - Snap shot by Johannes Salmonsson.
2:13 of 1st period - Shot Misses the Net.
2:35 of 1st period - Lucas Wallmark is hit by Andy Andreoff.
3:58 of 1st period - Off-side.
3:59 of 1st period - Rickard Rakell wins face-off versus Chandler Stephenson in neutral zone.
4:05 of 1st period - Off-side.
4:06 of 1st period - Stephane Da Costa wins face-off versus Rickard Rakell in neutral zone.
4:41 of 1st period - Snap shot by Tyler Brenner.
4:41 of 1st period - Stopped by Brad Thiessen with a rebound.
4:43 of 1st period - Snap shot by Dwight King.
4:43 of 1st period - Stopped by Brad Thiessen with a rebound.
5:37 of 1st period - Slapshot by Ian Cole.
5:37 of 1st period - Shot Blocked by Davis Drewiske.
5:39 of 1st period - Snap shot by Andy Andreoff.
5:39 of 1st period - Shot Misses the Net.
6:01 of 1st period - Snap shot by Matt Frattin.
6:01 of 1st period - Stopped by Jake Allen with a rebound.
6:47 of 1st period - Minor Penalty to Eric Mestery for Boarding.
6:48 of 1st period - Rickard Rakell wins face-off versus Marc-André Bernier in Atomiques zone.
7:01 of 1st period - Snap shot by Stephane Da Costa.
7:01 of 1st period - Stopped by Jake Allen without a rebound.
7:02 of 1st period - Stephane Da Costa wins face-off versus Rickard Rakell in Atomiques zone.
7:05 of 1st period - Snap shot by Gabriel Bourque.
7:05 of 1st period - Shot Misses the Net.
7:19 of 1st period - Rasmus Ristolainen is hit by Gabriel Bourque and loses puck.
7:38 of 1st period - Snap shot by Matt Frattin.
7:38 of 1st period - Stopped by Jake Allen with a rebound.
7:40 of 1st period - Wrist shot by Nick Foligno.
7:40 of 1st period - Shot Blocked by Matt Tennyson.
8:12 of 1st period - Arturs Kulda is hit by Dalton Smith and loses puck.
8:47 of 1st period - Penalty to Eric Mestery is over, Eric Mestery is back on ice.
9:06 of 1st period - Matt Tennyson is hit by Dylan Blujus and loses puck.
9:22 of 1st period - Off-side.
9:23 of 1st period - Lucas Wallmark wins face-off versus Chandler Stephenson in neutral zone.
9:48 of 1st period - Samuel Morin is hit by Rickard Rakell and loses puck.
9:57 of 1st period - Wrist shot by Gabriel Bourque.
9:57 of 1st period - Stopped by Jake Allen without a rebound.
9:58 of 1st period - Rickard Rakell wins face-off versus Tommy Wingels in Atomiques zone.
10:03 of 1st period - Nick Foligno is hit by Brock McGinn and loses puck.
10:22 of 1st period - Tyler Brenner is hit by Marc-André Bernier and loses puck.
10:29 of 1st period - Wrist shot by Tyler Brenner.
10:29 of 1st period - Stopped by Brad Thiessen with a rebound.
10:31 of 1st period - Wrist shot by Tyler Brenner.
10:31 of 1st period - Stopped by Brad Thiessen with a rebound.
11:02 of 1st period - Snap shot by Nick Foligno.
11:02 of 1st period - Stopped by Jake Allen with a rebound.
11:04 of 1st period - Slapshot by Nick Foligno.
11:04 of 1st period - Stopped by Jake Allen with a rebound.
11:06 of 1st period - Slapshot by Dylan Blujus.
11:06 of 1st period - Stopped by Jake Allen without a rebound.
11:07 of 1st period - Tommy Wingels wins face-off versus Tyler Brenner in Atomiques zone.
11:08 of 1st period - Snap shot by Nick Foligno.
11:08 of 1st period - Stopped by Jake Allen with a rebound.
11:15 of 1st period - Slapshot by Arturs Kulda.
11:15 of 1st period - Stopped by Jake Allen with a rebound.
11:21 of 1st period - Wrist shot by Tommy Wingels.
11:21 of 1st period - Shot Blocked by Rasmus Ristolainen.
11:33 of 1st period - Snap shot by Matt Frattin.
11:33 of 1st period - Stopped by Jake Allen with a rebound.
11:35 of 1st period - Snap shot by Tommy Wingels.
11:35 of 1st period - Stopped by Jake Allen with a rebound.
11:37 of 1st period - Wrist shot by Matt Frattin.
11:37 of 1st period - Shot Blocked by Matt Tennyson.
12:28 of 1st period - Snap shot by Matt Frattin.
12:28 of 1st period - Goal by Matt Frattin - Senators : 1 - Atomiques : 0.
12:29 of 1st period - Rickard Rakell wins face-off versus Stephane Da Costa in neutral zone.
13:03 of 1st period - Slapshot by Arturs Kulda.
13:03 of 1st period - Stopped by Jake Allen without a rebound.
13:04 of 1st period - Marc-André Bernier wins face-off versus Rickard Rakell in Atomiques zone.
13:41 of 1st period - Snap shot by Zemgus Girgensons.
13:41 of 1st period - Shot Misses the Net.
13:43 of 1st period - Wrist shot by Samuel Morin.
13:43 of 1st period - Stopped by Jake Allen with a rebound.
13:49 of 1st period - Minor Penalty to Joseph Cramarossa for Roughing.
13:50 of 1st period - Rickard Rakell wins face-off versus Stephane Da Costa in Atomiques zone.
13:50 of 1st period - Rickard Rakell is hit by Ian Cole.
13:59 of 1st period - Off-side.
14:00 of 1st period - Rickard Rakell wins face-off versus Stephane Da Costa in neutral zone.
14:48 of 1st period - Gabriel Bourque is hit by Wiley Sherman and loses puck.
14:55 of 1st period - Snap shot by Tyler Brenner.
14:55 of 1st period - Stopped by Brad Thiessen with a rebound.
15:49 of 1st period - Penalty to Joseph Cramarossa is over, Joseph Cramarossa is back on ice.
16:10 of 1st period - Joseph Cramarossa is hit by Andy Andreoff and loses puck.
16:35 of 1st period - Keegan Lowe is hit by Brock McGinn and loses puck.
16:48 of 1st period - Snap shot by Dwight King.
16:48 of 1st period - Stopped by Brad Thiessen without a rebound.
16:49 of 1st period - Tommy Wingels wins face-off versus Tyler Brenner in Senators zone.
16:49 of 1st period - Tommy Wingels is hit by Tyler Brenner.
16:59 of 1st period - Snap shot by Nick Foligno.
16:59 of 1st period - Shot Blocked by Davis Drewiske.
17:01 of 1st period - Snap shot by Nick Foligno.
17:01 of 1st period - Goal by Nick Foligno - Senators : 2 - Atomiques : 0.
17:02 of 1st period - Rickard Rakell wins face-off versus Stephane Da Costa in neutral zone.
17:10 of 1st period - Gabriel Bourque is hit by Brock McGinn and loses puck.
17:56 of 1st period - Slapshot by Ian Cole.
17:56 of 1st period - Shot Blocked by Davis Drewiske.
18:10 of 1st period - Ian Cole is hit by Jacob De La Rose and loses puck.
18:35 of 1st period - Tommy Wingels is hit by Bobby Farnham and loses puck.
19:15 of 1st period - Wrist shot by Dwight King.
19:15 of 1st period - Shot Blocked by Grant Besse.
19:31 of 1st period - Snap shot by Johannes Salmonsson.
19:31 of 1st period - Stopped by Jake Allen without a rebound.
19:32 of 1st period - Rickard Rakell wins face-off versus Stephane Da Costa in Atomiques zone.
Goals for this period are 2 for Senators vs 0 for Atomiques.
Shots for this period are 16 for Senators vs 9 for Atomiques.
2nd period
0:01 of 2nd period - Rickard Rakell wins face-off versus Stephane Da Costa in neutral zone.
0:08 of 2nd period - Slapshot by Rasmus Ristolainen.
0:08 of 2nd period - Deflect By Arturs Kulda.
0:08 of 2nd period - Stopped by Brad Thiessen with a rebound.
0:10 of 2nd period - Slapshot by Brock McGinn.
0:10 of 2nd period - Shot Blocked by Marc-André Bernier.
0:12 of 2nd period - Slapshot by Rasmus Ristolainen.
0:12 of 2nd period - Stopped by Brad Thiessen without a rebound.
0:13 of 2nd period - Stephane Da Costa wins face-off versus Rickard Rakell in Senators zone.
0:24 of 2nd period - Snap shot by Marc-André Bernier.
0:24 of 2nd period - Shot Misses the Net.
1:48 of 2nd period - Slapshot by Marc-André Bernier.
1:48 of 2nd period - Shot Misses the Net.
1:50 of 2nd period - Wrist shot by Gabriel Bourque.
1:50 of 2nd period - Deflect By Marc-André Bernier.
1:50 of 2nd period - Stopped by Jake Allen with a rebound.
2:02 of 2nd period - Wrist shot by Nick Foligno.
2:02 of 2nd period - Stopped by Jake Allen with a rebound.
2:06 of 2nd period - Wrist shot by Nick Foligno.
2:06 of 2nd period - Shot Misses the Net.
2:08 of 2nd period - Slapshot by Dylan Blujus.
2:08 of 2nd period - Shot Blocked by Jack Skille.
2:10 of 2nd period - Snap shot by Tommy Wingels.
2:10 of 2nd period - Stopped by Jake Allen with a rebound.
3:35 of 2nd period - Nick Foligno is hit by Eric Mestery.
4:16 of 2nd period - Gabriel Bourque is hit by Dalton Smith and loses puck.
4:33 of 2nd period - Wrist shot by Matt Frattin.
4:33 of 2nd period - Deflect By Nick Foligno.
4:33 of 2nd period - Deflect By Tyler Brenner.
4:33 of 2nd period - Stopped by Jake Allen without a rebound.
4:34 of 2nd period - Tyler Brenner wins face-off versus Zemgus Girgensons in Atomiques zone.
4:34 of 2nd period - Tyler Brenner is hit by Sebastian Wannstrom.
5:06 of 2nd period - Snap shot by Stephane Da Costa.
5:06 of 2nd period - Stopped by Jake Allen with a rebound.
5:51 of 2nd period - Wrist shot by Bobby Farnham.
5:51 of 2nd period - Shot Blocked by Andy Andreoff.
5:53 of 2nd period - Slapshot by Colby Cohen.
5:53 of 2nd period - Stopped by Brad Thiessen with a rebound.
6:07 of 2nd period - Snap shot by Johannes Salmonsson.
6:07 of 2nd period - Stopped by Jake Allen without a rebound.
6:08 of 2nd period - Zemgus Girgensons wins face-off versus Rickard Rakell in Atomiques zone.
6:35 of 2nd period - Ian Cole is hit by Tyler Brenner and loses puck.
7:32 of 2nd period - Wrist shot by Joseph Cramarossa.
7:32 of 2nd period - Shot Blocked by Ian Cole.
7:34 of 2nd period - Snap shot by Eric Mestery.
7:34 of 2nd period - Shot Blocked by Gabriel Bourque.
7:36 of 2nd period - Slapshot by Colby Cohen.
7:36 of 2nd period - Deflect By Marc-André Bernier.
7:36 of 2nd period - Stopped by Brad Thiessen without a rebound.
7:37 of 2nd period - Rickard Rakell wins face-off versus Stephane Da Costa in Senators zone.
7:42 of 2nd period - Snap shot by Jack Skille.
7:42 of 2nd period - Stopped by Brad Thiessen with a rebound.
7:44 of 2nd period - Snap shot by Jack Skille.
7:44 of 2nd period - Goal by Jack Skille - Senators : 2 - Atomiques : 1.
7:45 of 2nd period - Stephane Da Costa wins face-off versus Rickard Rakell in neutral zone.
8:18 of 2nd period - Slapshot by Nick Foligno.
8:18 of 2nd period - Deflect By Matt Frattin.
8:18 of 2nd period - Stopped by Jake Allen with a rebound.
8:20 of 2nd period - Snap shot by Nick Foligno.
8:20 of 2nd period - Stopped by Jake Allen without a rebound.
8:21 of 2nd period - Tyler Brenner wins face-off versus Gabriel Bourque in Atomiques zone.
8:56 of 2nd period - Wrist shot by Rickard Rakell.
8:56 of 2nd period - Stopped by Brad Thiessen with a rebound.
8:58 of 2nd period - Wrist shot by Jack Skille.
8:58 of 2nd period - Shot Misses the Net.
9:20 of 2nd period - Jacob De La Rose is hit by Andy Andreoff and loses puck.
9:31 of 2nd period - Slapshot by Matt Tennyson.
9:31 of 2nd period - Stopped by Brad Thiessen with a rebound.
9:33 of 2nd period - Wrist shot by Rasmus Ristolainen.
9:33 of 2nd period - Stopped by Brad Thiessen without a rebound.
9:34 of 2nd period - Rickard Rakell wins face-off versus Stephane Da Costa in Senators zone.
9:39 of 2nd period - Wrist shot by Rickard Rakell.
9:39 of 2nd period - Shot Misses the Net.
9:50 of 2nd period - Penalty Shot by Gabriel Bourque for Senators.
9:50 of 2nd period - Snap shot by Gabriel Bourque.
9:50 of 2nd period - Goal by Gabriel Bourque - Senators : 3 - Atomiques : 1.
9:51 of 2nd period - Stephane Da Costa wins face-off versus Rickard Rakell in neutral zone.
9:52 of 2nd period - Rickard Rakell wins face-off versus Marc-André Bernier in Senators zone.
9:54 of 2nd period - Wrist shot by Rickard Rakell.
9:54 of 2nd period - Shot Misses the Net.
9:56 of 2nd period - Wrist shot by Jack Skille.
9:56 of 2nd period - Stopped by Brad Thiessen without a rebound.
9:57 of 2nd period - Jack Skille wins face-off versus Stephane Da Costa in Senators zone.
10:30 of 2nd period - Jack Skille is hit by Ian Cole and loses puck.
10:51 of 2nd period - Wrist shot by Stephane Da Costa.
10:51 of 2nd period - Shot Misses the Net.
11:14 of 2nd period - Matt Tennyson is hit by Arturs Kulda and loses puck.
11:25 of 2nd period - Snap shot by Rasmus Ristolainen.
11:25 of 2nd period - Stopped by Brad Thiessen with a rebound.
11:27 of 2nd period - Slapshot by Rasmus Ristolainen.
11:27 of 2nd period - Shot Blocked by Ian Cole.
11:35 of 2nd period - Wrist shot by Rickard Rakell.
11:35 of 2nd period - Shot Misses the Net.
11:37 of 2nd period - Snap shot by Rickard Rakell.
11:37 of 2nd period - Shot Misses the Net.
11:39 of 2nd period - Snap shot by Rasmus Ristolainen.
11:39 of 2nd period - Shot Misses the Net.
11:41 of 2nd period - Slapshot by Jack Skille.
11:41 of 2nd period - Stopped by Brad Thiessen without a rebound.
11:42 of 2nd period - Tommy Wingels wins face-off versus Tyler Brenner in Senators zone.
11:42 of 2nd period - Tommy Wingels is hit by Tyler Brenner.
12:21 of 2nd period - Bobby Farnham is hit by Nick Foligno and loses puck.
12:34 of 2nd period - Snap shot by Dalton Smith.
12:34 of 2nd period - Shot Misses the Net.
12:48 of 2nd period - Wrist shot by Nick Foligno.
12:48 of 2nd period - Stopped by Jake Allen without a rebound.
12:49 of 2nd period - Zemgus Girgensons wins face-off versus Tyler Brenner in Atomiques zone.
12:56 of 2nd period - Keegan Lowe is hit by Dwight King and loses puck.
13:15 of 2nd period - Davis Drewiske is hit by Chandler Stephenson and loses puck.
13:37 of 2nd period - Off-side.
13:38 of 2nd period - Lucas Wallmark wins face-off versus Zemgus Girgensons in neutral zone.
13:41 of 2nd period - Zemgus Girgensons is hit by Bobby Farnham.
14:42 of 2nd period - Wrist shot by Matt Frattin.
14:42 of 2nd period - Goal by Matt Frattin - Senators : 4 - Atomiques : 1.
14:43 of 2nd period - Stephane Da Costa wins face-off versus Rickard Rakell in neutral zone.
14:59 of 2nd period - Snap shot by Gabriel Bourque.
14:59 of 2nd period - Shot Misses the Net.
15:13 of 2nd period - Slapshot by Rasmus Ristolainen.
15:13 of 2nd period - Stopped by Brad Thiessen without a rebound.
15:14 of 2nd period - Tyler Brenner wins face-off versus Tommy Wingels in Senators zone.
15:15 of 2nd period - Backhand shot by Dwight King.
15:15 of 2nd period - Shot Misses the Net.
15:52 of 2nd period - Snap shot by Stephane Da Costa.
15:52 of 2nd period - Shot Misses the Net.
16:03 of 2nd period - Off-side.
16:04 of 2nd period - Johannes Salmonsson wins face-off versus Jacob De La Rose in neutral zone.
16:07 of 2nd period - Wrist shot by Sebastian Wannstrom.
16:07 of 2nd period - Stopped by Jake Allen with a rebound.
16:13 of 2nd period - Snap shot by Johannes Salmonsson.
16:13 of 2nd period - Shot Blocked by Matt Tennyson.
16:59 of 2nd period - Slapshot by Rasmus Ristolainen.
16:59 of 2nd period - Deflect By Mitch Callahan.
16:59 of 2nd period - Shot Misses the Net.
16:59 of 2nd period - Puck is out of play.
17:00 of 2nd period - Rickard Rakell wins face-off versus Tommy Wingels in Senators zone.
17:34 of 2nd period - Ryan Shannon is hit by Gabriel Bourque.
17:52 of 2nd period - Backhand shot by Andy Andreoff.
17:52 of 2nd period - Stopped by Jake Allen with a rebound.
17:54 of 2nd period - Wrist shot by Andy Andreoff.
17:54 of 2nd period - Shot Misses the Net.
17:58 of 2nd period - Snap shot by Chandler Stephenson.
17:58 of 2nd period - Shot Misses the Net.
18:40 of 2nd period - Ryan Shannon is hit by Matt Frattin and loses puck.
19:09 of 2nd period - Wrist shot by Grant Besse.
19:09 of 2nd period - Stopped by Jake Allen without a rebound.
19:10 of 2nd period - Jacob De La Rose wins face-off versus Gabriel Bourque in Atomiques zone.
19:15 of 2nd period - Arturs Kulda is hit by Wiley Sherman and loses puck.
19:23 of 2nd period - Off-side.
19:24 of 2nd period - Rickard Rakell wins face-off versus Gabriel Bourque in neutral zone.
Goals for this period are 2 for Senators vs 1 for Atomiques.
Shots for this period are 13 for Senators vs 13 for Atomiques.
3rd period
0:01 of 3rd period - Stephane Da Costa wins face-off versus Rickard Rakell in neutral zone.
0:03 of 3rd period - Ian Cole is hit by Rickard Rakell and loses puck.
0:06 of 3rd period - Snap shot by Stephane Da Costa.
0:06 of 3rd period - Shot Blocked by Matt Tennyson.
0:08 of 3rd period - Slapshot by Ian Cole.
0:08 of 3rd period - Stopped by Jake Allen without a rebound.
0:09 of 3rd period - Rickard Rakell wins face-off versus Stephane Da Costa in Atomiques zone.
0:37 of 3rd period - Minor Penalty to Jack Skille for Tripping.
0:38 of 3rd period - Gabriel Bourque wins face-off versus Rickard Rakell in Atomiques zone.
1:08 of 3rd period - Snap shot by Matt Frattin.
1:08 of 3rd period - Stopped by Jake Allen with a rebound.
1:10 of 3rd period - Wrist shot by Nick Foligno.
1:10 of 3rd period - Deflect By Tommy Wingels.
1:10 of 3rd period - Stopped by Jake Allen with a rebound.
2:08 of 3rd period - Icing by Stephane Da Costa.
2:09 of 3rd period - Stephane Da Costa wins face-off versus Jacob De La Rose in Senators zone.
2:37 of 3rd period - Penalty to Jack Skille is over, Jack Skille is back on ice.
3:52 of 3rd period - Wrist shot by Brock McGinn.
3:52 of 3rd period - Stopped by Brad Thiessen with a rebound.
3:54 of 3rd period - Wrist shot by Joseph Cramarossa.
3:54 of 3rd period - Stopped by Brad Thiessen with a rebound.
4:21 of 3rd period - Snap shot by Olli Maatta.
4:21 of 3rd period - Stopped by Jake Allen without a rebound.
4:22 of 3rd period - Jacob De La Rose wins face-off versus Chandler Stephenson in Atomiques zone.
4:22 of 3rd period - Jacob De La Rose is hit by Andy Andreoff.
4:29 of 3rd period - Off-side.
4:30 of 3rd period - Stephane Da Costa wins face-off versus Rickard Rakell in neutral zone.
4:45 of 3rd period - Slapshot by Gabriel Bourque.
4:45 of 3rd period - Stopped by Jake Allen with a rebound.
5:02 of 3rd period - Rasmus Ristolainen is hit by Matt Frattin.
5:54 of 3rd period - Minor Penalty to Arturs Kulda for Hooking.
5:55 of 3rd period - Rickard Rakell wins face-off versus Stephane Da Costa in Senators zone.
5:57 of 3rd period - Slapshot by Rasmus Ristolainen.
5:57 of 3rd period - Stopped by Brad Thiessen with a rebound.
5:59 of 3rd period - Slapshot by Rasmus Ristolainen.
5:59 of 3rd period - Deflect By Gabriel Bourque.
5:59 of 3rd period - Goal by Rasmus Ristolainen - Senators : 4 - Atomiques : 2.
6:00 of 3rd period - Rickard Rakell wins face-off versus Stephane Da Costa in neutral zone.
6:13 of 3rd period - Slapshot by Stephane Da Costa.
6:13 of 3rd period - Stopped by Jake Allen with a rebound.
6:29 of 3rd period - Nick Foligno is hit by Dwight King and loses puck.
6:37 of 3rd period - Minor Penalty to Tommy Wingels for Hooking.
6:38 of 3rd period - Stephane Da Costa wins face-off versus Rickard Rakell in Senators zone.
6:48 of 3rd period - Slapshot by Rickard Rakell.
6:48 of 3rd period - Stopped by Brad Thiessen without a rebound.
6:49 of 3rd period - Rickard Rakell wins face-off versus Stephane Da Costa in Senators zone.
6:56 of 3rd period - Snap shot by Rickard Rakell.
6:56 of 3rd period - Stopped by Brad Thiessen with a rebound.
6:58 of 3rd period - Slapshot by Rasmus Ristolainen.
6:58 of 3rd period - Shot Blocked by Arturs Kulda.
7:00 of 3rd period - Wrist shot by Brock McGinn.
7:00 of 3rd period - Shot Blocked by Ian Cole.
7:02 of 3rd period - Slapshot by Rasmus Ristolainen.
7:02 of 3rd period - Stopped by Brad Thiessen with a rebound.
7:04 of 3rd period - Slapshot by Rasmus Ristolainen.
7:04 of 3rd period - Stopped by Brad Thiessen with a rebound.
7:20 of 3rd period - Stephane Da Costa is hit by Dwight King.
7:23 of 3rd period - Off-side.
7:24 of 3rd period - Stephane Da Costa wins face-off versus Tyler Brenner in neutral zone.
7:35 of 3rd period - Snap shot by Jack Skille.
7:35 of 3rd period - Shot Misses the Net.
8:37 of 3rd period - Penalty to Tommy Wingels is over, Tommy Wingels is back on ice.
9:30 of 3rd period - Ian Cole is hit by Dwight King and loses puck.
9:55 of 3rd period - Jack Skille is hit by Olli Maatta and loses puck.
10:18 of 3rd period - Joseph Cramarossa is hit by Arturs Kulda and loses puck.
11:18 of 3rd period - Snap shot by Gabriel Bourque.
11:18 of 3rd period - Stopped by Jake Allen with a rebound.
11:24 of 3rd period - Wrist shot by Stephane Da Costa.
11:24 of 3rd period - Stopped by Jake Allen with a rebound.
12:14 of 3rd period - Jack Skille is hit by Tommy Wingels and loses puck.
12:38 of 3rd period - Wrist shot by Rasmus Ristolainen.
12:38 of 3rd period - Stopped by Brad Thiessen with a rebound.
12:46 of 3rd period - Minor Penalty to Dalton Smith for Roughing.
12:47 of 3rd period - Stephane Da Costa wins face-off versus Rickard Rakell in Atomiques zone.
13:22 of 3rd period - Rickard Rakell is hit by Tommy Wingels and loses puck.
13:54 of 3rd period - Joseph Cramarossa is hit by Tommy Wingels and loses puck.
14:39 of 3rd period - Rasmus Ristolainen is hit by Samuel Morin and loses puck.
14:46 of 3rd period - Penalty to Dalton Smith is over, Dalton Smith is back on ice.
15:02 of 3rd period - Slapshot by Rickard Rakell.
15:02 of 3rd period - Shot Blocked by Zemgus Girgensons.
15:54 of 3rd period - Slapshot by Eric Mestery.
15:54 of 3rd period - Stopped by Brad Thiessen without a rebound.
15:55 of 3rd period - Zemgus Girgensons wins face-off versus Jacob De La Rose in Senators zone.
16:40 of 3rd period - Wrist shot by Brock McGinn.
16:40 of 3rd period - Shot Blocked by Chandler Stephenson.
16:42 of 3rd period - Snap shot by Lucas Wallmark.
16:42 of 3rd period - Stopped by Brad Thiessen with a rebound.
16:44 of 3rd period - Snap shot by Lucas Wallmark.
16:44 of 3rd period - Goal by Lucas Wallmark - Senators : 4 - Atomiques : 3.
16:45 of 3rd period - Stephane Da Costa wins face-off versus Jacob De La Rose in neutral zone.
17:40 of 3rd period - Wrist shot by Nick Foligno.
17:40 of 3rd period - Shot Hit the Post.
17:50 of 3rd period - Marc-André Bernier is hit by Bobby Farnham and loses puck.
18:07 of 3rd period - Snap shot by Mitch Callahan.
18:07 of 3rd period - Stopped by Brad Thiessen without a rebound.
18:08 of 3rd period - Jacob De La Rose wins face-off versus Chandler Stephenson in Senators zone.
18:08 of 3rd period - Jacob De La Rose is hit by Andy Andreoff.
18:35 of 3rd period - Snap shot by Dalton Smith.
18:35 of 3rd period - Shot Blocked by Samuel Morin.
18:37 of 3rd period - Slapshot by Eric Mestery.
18:37 of 3rd period - Stopped by Brad Thiessen without a rebound.
18:38 of 3rd period - Rickard Rakell wins face-off versus Zemgus Girgensons in Senators zone.
19:00 of 3rd period - Icing by Eric Mestery.
19:01 of 3rd period - Marc-André Bernier wins face-off versus Jack Skille in Atomiques zone.
19:08 of 3rd period - Atomiques, Jake Allen is pulled from the net.
19:38 of 3rd period - Wrist shot by Dwight King.
19:38 of 3rd period - Stopped by Brad Thiessen with a rebound.
19:40 of 3rd period - Slapshot by Colby Cohen.
19:40 of 3rd period - Shot Misses the Net.
19:42 of 3rd period - Slapshot by Jack Skille.
19:42 of 3rd period - Shot Misses the Net.
Goals for this period are 0 for Senators vs 2 for Atomiques.
Shots for this period are 8 for Senators vs 15 for Atomiques.
Back to the Top